AoeStats
← Al-Ma'idah Castrum

Black Forest

509499421Analyzed
3v3 RM · 5d ago on Sep 27, 2026· 34m 57s· 6 players
Game mode
Random Map
Map size
Normal (6 player)
Population
200
Speed
Normal
Resources
Standard
Victory
Conquest
Starting age
Dark Age
Ending age
Imperial Age
RankedLock teamsTeams togetherTeam positionsShared explorationLock speedFull tech treeHidden civsTurbo modeCheats
Victory
Defeat
🇱🇻 Hindustanis · Latvia
931
+15
🇦🇷 Mongols · Argentina
893
+17
🇬🇧 Turks · United Kingdom
872
+17
🇺🇸 Jurchens · United States
929
-17
🇧🇷 Magyars · Brazil
921
-17
🇲🇾 Danes · Malaysia
877
-15
Louis Theroux
12:30 Feudal Age
11:04 Loom
13:17 Feudal Age
17:22 Castle Age
15:19 Double-Bit Axe
15:26 Gold Mining
21:44 Imperial Age
20:08 Gold Shaft Mining
19:28 Horse Collar
21:11 Bow Saw
c190
0:33 Loom
12:51 Feudal Age
14:13 Double-Bit Axe
14:16 Horse Collar
19:11 Castle Age
18:49 Gold Mining
18:49 Stone Mining
19:09 Scale Barding Armor
20:43 Bloodlines
28:46 Caravan
29:12 Husbandry
30:38 Chain Barding Armor
31:02 Grand Trunk Road
31:56 Forging
35:38 Imperial Age
33:57 Wheelbarrow
34:31 Scale Mail Armor
34:56 Heavy Plow
Pancito
0:30 Loom
16:32 Feudal Age
17:36 Double-Bit Axe
24:52 Castle Age
23:45 Horse Collar
24:42 Bloodlines
26:03 Heavy Plow
25:55 Gold Mining
29:53 Bow Saw
Megaman
7:49 Loom
11:23 Feudal Age
13:13 Wheelbarrow
12:27 Double-Bit Axe
13:18 Gold Mining
13:42 Horse Collar
18:40 Castle Age
17:07 Stone Mining
19:35 Heavy Plow
20:17 Bow Saw
22:16 Stone Shaft Mining
27:14 Hand Cart
30:03 Gold Shaft Mining
29:45 Forging
29:27 Fletching
31:17 Bodkin Arrow
34:52 Imperial Age
Al-Ma'idah Castrum
0:27 Loom
12:18 Feudal Age
19:22 Castle Age
27:00 Double-Bit Axe
28:05 Bow Saw
28:38 Gold Mining
30:43 Stone Mining
34:13 Imperial Age
32:23 Wheelbarrow
31:38 Town Watch
32:11 Scale Barding Armor
32:41 Husbandry
32:52 Bloodlines
32:29 Horse Collar
Glor. Jie
0:29 Loom
16:03 Feudal Age
17:19 Wheelbarrow
16:32 Double-Bit Axe
17:07 Town Watch
22:48 Castle Age
20:44 Horse Collar
23:02 Stone Mining
23:39 Bow Saw
23:49 Hand Cart
26:25 Bloodlines
Connection lost

Rejoining the realm…

Still unreachable

The connection could not be restored.

Session expired

The server has moved on; the page needs a fresh start.